 Dungeon Crawl Stone Soup version 0.31-a0-831-g143b1e8 (webtiles) character file.

Game seed: 10405956175335054008

19 BarneyGumball the Shooter (level 2, 0/24 HPs)
             Began as a Demigod Hunter on Sept 24, 2023.
             Slain by a gnoll
             ... wielding a +0 spear
              (7 damage)
             ... on level 2 of the Dungeon.
             The game lasted 00:02:14 (876 turns).

BarneyGumball the Shooter (Demigod Hunter)           Turns: 876, Time: 00:02:15

Health: 0/24       AC:  3    Str:  9 (12) XL:     2   Next: 39%
Magic:  4/4        EV: 11    Int:  9 (11) God:
Gold:   84         SH:  0    Dex: 14 (17) Spells: 1/1 levels left

rFire   . . .        a - +0 shortbow
rCold   . . .        (shield currently unavailable)
rNeg    . . .        c - +0 leather armour
rPois   .            (no helmet)
rElec   .            (no cloak)
rCorr   .            (no gloves)
SInv    .            (no boots)
Will    .....        (no amulet)
Stlth   +            (no ring)
HPRegen 0.24/turn    (no ring)
MPRegen 0.09/turn

%: no passive effects
@: no status effects
A: high MP 1, forlorn, divine attributes
a: no special abilities


You were on level 2 of the Dungeon.
You visited 1 branch of the dungeon, and saw 2 of its levels.

You collected 84 gold pieces.

Inventory:

Hand Weapons
 a - a +0 shortbow (weapon)
Armour
 c - a +0 leather armour (worn)
Scrolls
 b - a scroll of butterflies
 e - 3 scrolls of immolation {unknown}
 f - a scroll of identify {unknown}
 g - a scroll of silence {unknown}


   Skills:
 - Level 1.7 Fighting
 + Level 4.3 Ranged Weapons
 - Level 1.7 Dodging
 - Level 0.8 Stealth


You had one spell level left.
You didn't know any spells.
Your spell library contained the following spells:

 Spells                   Type           Power      Damage    Failure   Level
 Ozocubu's Armour         Ice            0%         N/A       86%         3
 Vhi's Electric Charge    Tloc/Air       0%         N/A       99%         4
 Arcjolt                  Conj/Air       0%         1d10      100%        5
 Metabolic Englaciation   Hex/Ice        0%         N/A       100%        5
 Simulacrum               Ice/Necr       0%         N/A       100%        6
 Maxwell's Capacitive Co  Air            0%         ∞         100%        8


Dungeon Overview and Level Annotations

Branches:
Dungeon (2/15)

Shops:
D:1 ?


Innate Abilities, Weirdness & Mutations

You have an increased reservoir of magic. (+10% MP)
You shall have no god before yourself.
Your divine heritage dramatically boosts your attributes as you level up.


Message History

Found a leather armour.
You shoot an arrow. The arrow hits the gnoll!
The gnoll shouts!
The gnoll is severely wounded.
The gnoll shouts!
You hear a shout!
You shoot an arrow.
The arrow hits the gnoll but does no damage.
The gnoll is severely wounded.
There is an open door here.
You shoot an arrow. The arrow hits the gnoll.
The gnoll is severely wounded.
You shoot an arrow. The arrow barely misses the gnoll.
The arrow hits the gnoll but does no damage.
You shoot an arrow. The arrow hits the gnoll.
The gnoll is almost dead.
The gnoll closely misses you.
You shoot an arrow. The arrow hits the gnoll.
The gnoll is almost dead.
The gnoll hits you from afar with a +0 spear.
You shoot an arrow. The arrow hits the gnoll!
The gnoll is severely wounded.
The gnoll barely misses you.
The gnoll hits you but does no damage. x2
You shoot an arrow. The arrow completely misses the gnoll.
The arrow closely misses the gnoll.
The gnoll hits you with a +0 whip!
The gnoll hits you from afar with a +0 spear.
You are too injured to fight recklessly!
Found a blade talisman.
The gnoll attacks as it pursues you! The gnoll misses you.
Fire: a) +0 shortbow
Press: ? - help, Q - select action Shift-Dir - straight line, f - gnoll, p - gnoll
Aim: a gnoll, wielding a +0 spear (almost dead, 65% to hit)
You shoot an arrow. The arrow closely misses the gnoll. x2
The gnoll hits you with a +0 whip.
* * * LOW HITPOINT WARNING * * *
The gnoll barely misses you.
It was a potion of degeneration.
There was something very wrong with that liquid.
You feel weakened.
You feel dopey.
You feel clumsy.
The gnoll hits you from afar with a +0 spear!
You die...

#.....# #.....#
####'## #.#####.#..#
#g.........
#.#####.#.#
#.#####.#.###
####g..........#
#.@gg.####.#.#.#
#.....##...#...#.#.#
#%....# #........<#.#
......+.....#.###.#.#
.....
###.#.#.#.#.#.####
.....
...#.#.#.........
....
#.###.#.#.#.#.####
.... #.
#.#.#)#.#..... #
#.#.#.#.######


You could see 3 gnolls.

Vanquished Creatures
  2 ball pythons (D:1)
  2 bats (D:1)
  2 goblins (D:1)
  4 jackals (D:1)
  2 kobolds
  2 quokkas (D:1)
  2 frilled lizards (D:1)
16 creatures vanquished.

Notes
Turn   | Place    | Note
-------+----------+-------------------------------------------
     0 | D:1      | BarneyGumball the Demigod Hunter began the quest for the
                  | Orb.
     0 | D:1      | Reached XP level 1. HP: 17/17 MP: 3/3
   118 | D:1      | Found Pobribb's Magic Scroll Boutique.
   404 | D:1      | Reached skill level 4 in Ranged Weapons
   438 | D:1      | Reached XP level 2. HP: 24/24 MP: 4/4
   876 | D:2      | Slain by a gnoll

Illustrated notes

Levels and vault maps discovered:
D:1:      dpeg_arrival_simpleton_c, layout_basic, serial_shops, shop
D:2:      layout_basic, ebering_ecumenical_altar_ruins, serial_bayou_pond_d,
          chequers_serial_rivers_room_a, uniq_robin, uniq_crazy_yiuf_cottage

Skill      XL: |  1 |
---------------+----+-----
Ranged Weapons | 4 |  4.3
Fighting       | |  1.7
Dodging        | |  1.7
Stealth        | |  0.8

Action                     || total
---------------------------++-------
   Fire: Shortbow          ||    55
    Use: Potion            ||     1
 Armour: Leather armour    ||    14
  Dodge: Dodged            ||    21

Table legend: (Time is in decaauts)
 A = Elapsed time spent in this place.
 B = Non-inter-level travel time spent in this place.
 C = Inter-level travel time spent in this place.
 D = Time resting spent in this place.
 E = Time spent auto-exploring this place.
 F = Levels seen in this place.
 G = Mean time per level.
                   A        B        C        D        E       F      G
               +--------+--------+--------+--------+--------+-----+--------+
         Total |    888 |    842 |     46 |      0 |    718 |   2 |  444.0 |
       Dungeon |    888 |    842 |     46 |      0 |    718 |   2 |  444.0 |
               +--------+--------+--------+--------+--------+-----+--------+

Top non-repeatable levels by time:
     D:1: 784 daAuts
     D:2: 103 daAuts
